| 
	| TOP OF THE 1ST | 
|---|
 
		| Cincinnati (NYP) Reds batting - Pitching for Hillsboro Hops : RHP Tadatoki Yoshida |  
		| Pitching: RHP Tadatoki Yoshida |  |  
		| Batting: RHB Alex de Leon | 0-0: Ball 1-0: Ground out 6-3 (Groundball, 6, EV 80.0 MPH)
 |  
		| Batting: SHB Cesar Pelayo | 0-0: Reached on error, E6 (Groundball, 6, EV 105.0 MPH) |  
		| Batting: RHB Nick Moreno | 0-0: Ball 1-0: Called Strike
 1-1: Ball
 2-1: Called Strike
 2-2: Grounds into double play, 5-4-3 (Groundball, 56, EV 106.2 MPH)
 |  
		| Top of the 1st over - 0 runs, 0 hits, 1 error, 0 left on base; Cincinnati (NYP) 0 - Hillsboro 0 |  
	| BOTTOM OF THE 1ST | 
|---|
 
		| Hillsboro Hops batting - Pitching for Cincinnati (NYP) Reds : RHP Mike Stabb |  
		| Pitching: RHP Mike Stabb |  |  
		| Batting: SHB David Barona | 0-0: Ground out 4-3 (Groundball, 4, EV 85.6 MPH) |  
		| Batting: RHB Paul Healy | 0-0: Ball 1-0: Ground out 5-3 (Groundball, 56, EV 101.9 MPH)
 |  
		| Batting: RHB Nikita Schram | 0-0: Ball 1-0: Ball
 2-0:  Fly out, F3  (Popup, 3S, EV 66.9 MPH)
 |  
		| Bottom of the 1st over - 0 runs, 0 hits, 0 errors, 0 left on base; Cincinnati (NYP) 0 - Hillsboro 0 |  
	| TOP OF THE 2ND | 
|---|
 
		| Cincinnati (NYP) Reds batting - Pitching for Hillsboro Hops : RHP Tadatoki Yoshida |  
		| Batting: LHB Martin Koka | 0-0: Ball 1-0: Ball
 2-0: Ball
 3-0: Called Strike
 3-1: Base on Balls
 |  
		| Batting: LHB Josh Slusarczyk | 0-0: Ball 1-0: Ball
 2-0: Ball
 3-0: Base on Balls
 Martin Koka to second
 |  
		| Batting: RHB Yutaka Sato | 0-0: SINGLE  (Line Drive, 8RS, EV 90.6 MPH) Martin Koka to third
 Josh Slusarczyk to second
 |  
		| Batting: RHB Ch'ang-chieh Hsia | 0-0: Ball 1-0: Called Strike
 1-1: Foul Ball, location: 2F
 1-2: Strikes out swinging
 |  
		| Batting: RHB Adrian Billups | 0-0: SINGLE  (Groundball, 34D, EV 95.6 MPH) Martin Koka scores
 Josh Slusarczyk to third
 Yutaka Sato to second
 |  
		| Batting: LHB Mike Becerra | 0-0: Grounds into double play, 6-4-3 (Groundball, 6M, EV 98.1 MPH) |  
		| Top of the 2nd over - 1 run, 2 hits, 0 errors, 2 left on base; Cincinnati (NYP) 1 - Hillsboro 0 |  
	| BOTTOM OF THE 2ND | 
|---|
 
		| Hillsboro Hops batting - Pitching for Cincinnati (NYP) Reds : RHP Mike Stabb |  
		| Batting: SHB Johnny Diaz | 0-0: Foul Ball, location: 2F 0-1:  Fly out, F7  (Flyball, 78S, EV 87.5 MPH)
 |  
		| Batting: RHB T.J. Jordan | 0-0: Swinging Strike 0-1: Ball
 1-1: Swinging Strike
 1-2: Ball
 2-2: Ball
 3-2: Foul Ball, location: 2F
 3-2: Foul Ball, location: 2F
 3-2: Base on Balls
 |  
		| Batting: RHB Dale Young | 0-0: Called Strike 0-1: Ball
 1-1: Fielders Choice at 2nd, 5-4 (Groundball, 56S, EV 88.8 MPH)
 |  
		| Batting: LHB Ron Mills | 0-0: Ball Dale Young steals 2nd base
 1-0: Ball
 2-0: Called Strike
 2-1: Ball
 3-1: Foul Ball, location: 2F
 3-2: Foul Ball, location: 2F
 3-2: Foul Ball, location: 2F
 3-2: Base on Balls
 |  
		| Batting: RHB Antonio Luisa | 0-0: Ground out 3-1 (Groundball, 34, EV 83.8 MPH) |  
		| Bottom of the 2nd over - 0 runs, 0 hits, 0 errors, 2 left on base; Cincinnati (NYP) 1 - Hillsboro 0 |  
	| TOP OF THE 3RD | 
|---|
 
		| Cincinnati (NYP) Reds batting - Pitching for Hillsboro Hops : RHP Tadatoki Yoshida |  
		| Batting: RHB Alex de Leon | 0-0: TRIPLE  (Line Drive, 89XD, EV 108.8 MPH) |  
		| Batting: SHB Cesar Pelayo | 0-0: Called Strike 0-1: Called Strike
 0-2: Foul Ball, location: 2F
 0-2: Ball
 1-2: DOUBLE  (Line Drive, 89M, EV 108.8 MPH)
 Alex de Leon scores
 |  
		| Batting: RHB Nick Moreno | 0-0: Foul Ball, location: 2F 0-1: Foul Ball, location: 2F
 0-2: Ball
 1-2: Foul Ball, location: 2F
 1-2: DOUBLE  (Flyball, 8LXD, EV 98.8 MPH)
 Cesar Pelayo scores
 |  
		| Batting: LHB Martin Koka | 0-0: Ball 1-0: Ball
 2-0: Ball
 3-0: Base on Balls
 |  
		| Batting: LHB Josh Slusarczyk | 0-0: Ball 1-0: Foul Ball, location: 2F
 1-1: Called Strike
 1-2: Grounds into double play, 3-6-3 (Groundball, 34S, EV 89.4 MPH)
 Nick Moreno to third
 |  
		| Batting: RHB Yutaka Sato | 0-0: Ball 1-0: Ball
 2-0: Swinging Strike
 2-1: Swinging Strike
 2-2: Strikes out swinging
 |  
		| Top of the 3rd over - 2 runs, 3 hits, 0 errors, 1 left on base; Cincinnati (NYP) 3 - Hillsboro 0 |  
	| BOTTOM OF THE 3RD | 
|---|
 
		| Hillsboro Hops batting - Pitching for Cincinnati (NYP) Reds : RHP Mike Stabb |  
		| Batting: RHB Ryuki Ogasawara | 0-0: Ball 1-0: Ball
 2-0: Foul Ball, location: 2F
 2-1:  Fly out, F8  (Flyball, 8RS, EV 79.4 MPH)
 |  
		| Batting: SHB David Barona | 0-0: Ball 1-0: Foul Ball, location: 2F
 1-1: Ball
 2-1: Ball
 3-1: Called Strike
 3-2: Strikes out swinging
 |  
		| Batting: RHB Paul Healy | 0-0: Swinging Strike 0-1: Ball
 1-1: Called Strike
 1-2: Strikes out swinging
 |  
		| Bottom of the 3rd over - 0 runs, 0 hits, 0 errors, 0 left on base; Cincinnati (NYP) 3 - Hillsboro 0 |  
	| TOP OF THE 4TH | 
|---|
 
		| Cincinnati (NYP) Reds batting - Pitching for Hillsboro Hops : RHP Tadatoki Yoshida |  
		| Batting: RHB Ch'ang-chieh Hsia | 0-0: Ball 1-0: Called Strike
 1-1: DOUBLE  (Line Drive, 9LS, EV 105.0 MPH)
 |  
		| Batting: RHB Adrian Billups | 0-0: Called Strike 0-1: Called Strike
 0-2: Strikes out looking
 |  
		| Batting: LHB Mike Becerra | 0-0: Ground out 3-1 (Groundball, 34S, EV 81.9 MPH) Ch'ang-chieh Hsia to third
 |  
		| Batting: RHB Alex de Leon | 0-0: Ball 1-0: Foul Ball, location: 2F
 1-1: Ball
 2-1: Ball
 3-1: Swinging Strike
 3-2: Foul Ball, location: 2F
 3-2: Base on Balls
 |  
		| Batting: SHB Cesar Pelayo | 0-0: Ball 1-0: Swinging Strike
 1-1: Called Strike
 1-2: Ball
 2-2: Ground out U3 (Groundball, 3S, EV 88.1 MPH)
 |  
		| Top of the 4th over - 0 runs, 1 hit, 0 errors, 2 left on base; Cincinnati (NYP) 3 - Hillsboro 0 |  
	| BOTTOM OF THE 4TH | 
|---|
 
		| Hillsboro Hops batting - Pitching for Cincinnati (NYP) Reds : RHP Mike Stabb |  
		| Batting: RHB Nikita Schram | 0-0: SINGLE  (Groundball, 6M, EV 100.0 MPH) (infield hit) |  
		| Batting: SHB Johnny Diaz | 0-0: Ball 1-0: Ball
 2-0: Foul Ball, location: 2F
 2-1: Foul Ball, location: 2F
 2-2: Strikes out swinging
 |  
		| Batting: RHB T.J. Jordan | 0-0: Called Strike Nikita Schram steals 2nd base (no throw)
 0-1: DOUBLE  (Line Drive, 89XD, EV 103.1 MPH)
 Nikita Schram scores
 |  
		| Batting: RHB Dale Young | 0-0: Ball 1-0: Foul Ball, location: 2F
 1-1: Ball
 2-1: Ball
 3-1: Base on Balls
 |  
		| Batting: LHB Ron Mills | 0-0: Foul Ball, location: 2F 0-1: Ball
 1-1: Swinging Strike
 1-2: Foul Ball, location: 2F
 1-2: Ball
 2-2: Strikes out looking
 |  
		| Batting: RHB Antonio Luisa | 0-0: Ball 1-0: Foul Ball, location: 2F
 1-1: Swinging Strike
 1-2: Ball
 2-2: Ball
 3-2: Base on Balls
 T.J. Jordan to third
 Dale Young to second
 |  
		| Batting: RHB Ryuki Ogasawara | 0-0: Foul Ball, location: 2F 0-1: Ball
 1-1: Swinging Strike
 1-2: Ball
 2-2: Foul Ball, location: 2F
 2-2: SINGLE  (Groundball, 56, EV 100.6 MPH) (infield hit)
 T.J. Jordan scores
 Dale Young to third
 Antonio Luisa to second
 |  
		| Batting: SHB David Barona | 0-0: Ball 1-0: Ball
 2-0: Ball
 3-0: Swinging Strike
 3-1: Foul Ball, location: 2F
 3-2: Foul Ball, location: 2F
 3-2:  Fly out, F9  (Flyball, 9D, EV 98.1 MPH)
 |  
		| Bottom of the 4th over - 2 runs, 3 hits, 0 errors, 3 left on base; Cincinnati (NYP) 3 - Hillsboro 2 |  
	| TOP OF THE 5TH | 
|---|
 
		| Cincinnati (NYP) Reds batting - Pitching for Hillsboro Hops : RHP Tadatoki Yoshida |  
		| Batting: RHB Nick Moreno | 0-0: Called Strike 0-1: Ball
 1-1: SINGLE  (Line Drive, 7S, EV 99.4 MPH)
 |  
		| Batting: LHB Martin Koka | 0-0: Swinging Strike 0-1: Swinging Strike
 0-2: Ball
 1-2: Ball
 2-2: Strikes out swinging
 |  
		| Batting: LHB Josh Slusarczyk | 0-0:  Fly out, F3  (Popup, 23F, EV 77.5 MPH) |  
		| Batting: RHB Yutaka Sato | 0-0: Ball Pickoff Throw to First - Out! 1-3
 |  
		| Top of the 5th over - 0 runs, 1 hit, 0 errors, 0 left on base; Cincinnati (NYP) 3 - Hillsboro 2 |  
	| BOTTOM OF THE 5TH | 
|---|
 
		| Hillsboro Hops batting - Pitching for Cincinnati (NYP) Reds : RHP Mike Stabb |  
		| Batting: RHB Paul Healy | 0-0: Ground out 6-3 (Groundball, 6, EV 103.1 MPH) |  
		| Batting: RHB Nikita Schram | 0-0: Swinging Strike 0-1: Foul Ball, location: 2F
 0-2: Ball
 1-2: Ball
 2-2: Ball
 3-2: Base on Balls
 |  
		| Batting: SHB Johnny Diaz | 0-0: Ball Nikita Schram is caught stealing 2nd base 2-6
 1-0:  SOLO HOME RUN  (Flyball, 7LD, EV 96.9 MPH), Distance : 350 ft
 |  
		| Batting: RHB T.J. Jordan | 0-0: Foul Ball, location: 2F 0-1: Called Strike
 0-2: Foul Ball, location: 2F
 0-2: Strikes out swinging
 |  
		| Bottom of the 5th over - 1 run, 1 hit, 0 errors, 0 left on base; Cincinnati (NYP) 3 - Hillsboro 3 |  
	| TOP OF THE 6TH | 
|---|
 
		| Cincinnati (NYP) Reds batting - Pitching for Hillsboro Hops : RHP Tadatoki Yoshida |  
		| Batting: RHB Yutaka Sato | 0-0: Ball 1-0: Ball
 2-0: Ball
 3-0: Called Strike
 3-1: Base on Balls
 |  
		| Batting: RHB Ch'ang-chieh Hsia | 0-0: Called Strike 0-1: Ball
 1-1: Foul Ball, location: 2F
 1-2:  Fly out, F7  (Flyball, 78S, EV 78.1 MPH)
 |  
		| Batting: RHB Adrian Billups | 0-0: Called Strike 0-1: Foul Ball, location: 2F
 0-2: Ball
 1-2: Strikes out swinging
 |  
		| Batting: LHB Mike Becerra | 0-0: Ball 1-0: Ground out 4-3 (Groundball, 4, EV 87.5 MPH)
 |  
		| Top of the 6th over - 0 runs, 0 hits, 0 errors, 1 left on base; Cincinnati (NYP) 3 - Hillsboro 3 |  
	| BOTTOM OF THE 6TH | 
|---|
 
		| Hillsboro Hops batting - Pitching for Cincinnati (NYP) Reds : RHP Mike Stabb |  
		| Pitching: RHP Gilbert Paparelli |  |  
		| Batting: RHB Dale Young | 0-0: Called Strike 0-1: Ball
 1-1:  Fly out, F9  (Flyball, 9, EV 94.4 MPH)
 |  
		| Batting: LHB Ron Mills | 0-0: Called Strike 0-1: DOUBLE  (Flyball, 8LXD, EV 104.4 MPH)
 |  
		| Batting: RHB Antonio Luisa | 0-0: SINGLE  (Line Drive, 8RS, EV 105.0 MPH) Ron Mills to third
 Runner from 3rd tries for Home, SAFE, throw by CF to home
 |  
		| Batting: RHB Ryuki Ogasawara | 0-0: Swinging Strike 0-1: Called Strike
 0-2: Ball
 Passed Ball!
 Antonio Luisa to second
 1-2: Ball
 2-2: Reached on error, E4 (Groundball, 4, EV 85.0 MPH)
 Antonio Luisa to third
 |  
		| Batting: SHB David Barona | 0-0: Ball Ryuki Ogasawara steals 2nd, throwing error, E2
 Antonio Luisa scores
 Ryuki Ogasawara to third
 1-0: Foul Ball, location: 2F
 1-1: Ball
 2-1: Ball
 3-1: Base on Balls
 |  
		| Batting: RHB Paul Healy | 0-0: Called Strike David Barona steals 2nd base (no throw)
 0-1: DOUBLE  (Flyball, 8LXD, EV 111.2 MPH)
 Ryuki Ogasawara scores
 David Barona scores
 |  
		| Pitching: LHP Hiroshi Mukae |  |  
		| Batting: RHB Nikita Schram | 0-0: Swinging Strike 0-1: Swinging Strike
 0-2: Ball
 1-2: Ball
 2-2: Ground out 5-3 (Groundball, 56, EV 86.9 MPH)
 |  
		| Batting: SHB Johnny Diaz | 0-0: Called Strike 0-1: Ball
 1-1: Ball
 2-1: Called Strike
 2-2:  Fly out, F9  (Flyball, 89M, EV 92.5 MPH)
 |  
		| Bottom of the 6th over - 4 runs, 3 hits, 2 errors, 1 left on base; Cincinnati (NYP) 3 - Hillsboro 7 |  
	| TOP OF THE 7TH | 
|---|
 
		| Cincinnati (NYP) Reds batting - Pitching for Hillsboro Hops : RHP Tadatoki Yoshida |  
		| Batting: RHB Alex de Leon | 0-0: Called Strike 0-1: Called Strike
 0-2: Strikes out looking
 |  
		| Batting: SHB Cesar Pelayo | 0-0: Foul Ball, location: 2F 0-1: Ball
 1-1: Swinging Strike
 1-2:  Fly out, F4  (Line Drive, 4M, EV 73.1 MPH)
 |  
		| Batting: RHB Nick Moreno | 0-0: Ground out 4-3 (Groundball, 34, EV 85.6 MPH) |  
		| Top of the 7th over - 0 runs, 0 hits, 0 errors, 0 left on base; Cincinnati (NYP) 3 - Hillsboro 7 |  
	| BOTTOM OF THE 7TH | 
|---|
 
		| Hillsboro Hops batting - Pitching for Cincinnati (NYP) Reds : LHP Hiroshi Mukae |  
		| Batting: RHB T.J. Jordan | 0-0: Ball 1-0: Ball
 2-0: Swinging Strike
 2-1: Ball
 3-1: Ground out 5-3 (Groundball, 56S, EV 85.0 MPH)
 |  
		| Batting: RHB Dale Young | 0-0: Ball 1-0: Ball
 2-0: Ball
 3-0: Called Strike
 3-1: Swinging Strike
 3-2: Foul Ball, location: 2F
 3-2: SINGLE  (Groundball, 6MD, EV 108.1 MPH)
 |  
		| Batting: LHB Ron Mills | 0-0: Ball Pickoff Throw to First - Out! 1-3
 1-0: Called Strike
 1-1: Foul Ball, location: 2F
 1-2: Strikes out looking
 |  
		| Bottom of the 7th over - 0 runs, 1 hit, 0 errors, 0 left on base; Cincinnati (NYP) 3 - Hillsboro 7 |  
	| TOP OF THE 8TH | 
|---|
 
		| Cincinnati (NYP) Reds batting - Pitching for Hillsboro Hops : RHP Tadatoki Yoshida |  
		| Batting: LHB Martin Koka | 0-0: Foul Ball, location: 2F 0-1: Swinging Strike
 0-2: Ball
 1-2: Strikes out swinging
 |  
		| Pitching: LHP Jesus Gallegos |  |  
		| Pinch Hitting: RHB Andy Bachman | 0-0: Ball 1-0: Ball
 2-0:  Fly out, F7  (Flyball, 7, EV 95.6 MPH)
 |  
		| Batting: RHB Yutaka Sato | 0-0: Swinging Strike 0-1: Called Strike
 0-2: Ball
 1-2: Ball
 2-2: Ball
 3-2: Strikes out swinging
 |  
		| Top of the 8th over - 0 runs, 0 hits, 0 errors, 0 left on base; Cincinnati (NYP) 3 - Hillsboro 7 |  
	| BOTTOM OF THE 8TH | 
|---|
 
		| Hillsboro Hops batting - Pitching for Cincinnati (NYP) Reds : LHP Hiroshi Mukae |  
		| Now at 2B: Andy Bachman |  |  
		| Batting: RHB Antonio Luisa | 0-0: Hit by Pitch |  
		| Batting: RHB Ryuki Ogasawara | 0-0: Sac Bunt to 15 - play at first, batter safe! Antonio Luisa to second
 |  
		| Batting: SHB David Barona | 0-0: Bunted foul 0-1: Sac Bunt to 15S - play at first, batter OUT! 1-4
 Antonio Luisa to third
 Ryuki Ogasawara to second
 |  
		| Batting: RHB Paul Healy | 0-0: Ball 1-0: Ball
 2-0: Ball
 3-0: Called Strike
 3-1: Foul Ball, location: 2F
 3-2: Foul Ball, location: 2F
 3-2: Strikes out swinging
 |  
		| Pitching: RHP Toby Riley |  |  
		| Batting: RHB Nikita Schram | 0-0: Foul Ball, location: 2F 0-1: Ball
 1-1: Foul Ball, location: 2F
 1-2: Strikes out swinging
 |  
		| Bottom of the 8th over - 0 runs, 1 hit, 0 errors, 2 left on base; Cincinnati (NYP) 3 - Hillsboro 7 |  
	| TOP OF THE 9TH | 
|---|
 
		| Cincinnati (NYP) Reds batting - Pitching for Hillsboro Hops : LHP Jesus Gallegos |  
		| Batting: RHB Ch'ang-chieh Hsia | 0-0: Ball 1-0:  Fly out, F9  (Flyball, 9S, EV 89.4 MPH)
 |  
		| Batting: RHB Adrian Billups | 0-0: Ball 1-0: Ground out 5-3 (Groundball, 5, EV 81.2 MPH)
 |  
		| Batting: LHB Mike Becerra | 0-0: Foul Ball, location: 2F 0-1: Ball
 1-1: Called Strike
 1-2: Foul Ball, location: 2F
 1-2: Foul Ball, location: 2F
 1-2: Foul Ball, location: 2F
 1-2: Foul Ball, location: 2F
 1-2: Ball
 2-2: Strikes out swinging
 |  
		| Top of the 9th over - 0 runs, 0 hits, 0 errors, 0 left on base; Cincinnati (NYP) 3 - Hillsboro 7 |  |